 Dungeon Crawl Stone Soup version 0.18-a0-1789-gbeff17f (webtiles) character file.

21011 Ijustatesigmund the Grappler (level 12, -3/126 HPs)
             Began as a Troll Hunter on Apr 21, 2016.
             Was a High Priest of Okawaru.
             Slain by an alligator simulacrum (19 damage)
             ... in an ice cave.
             The game lasted 00:33:40 (11137 turns).

Ijustatesigmund the Grappler (Troll Hunter)        Turns: 11137, Time: 00:33:41

Health: -3/126     AC: 13    Str: 23    XL:     12   Next: 50%
Magic:  13/13      EV: 12    Int:  7    God:    Okawaru [*****.]
Gold:   508        SH:  0    Dex: 14    Spells: 0 memorised, 11 levels left

rFire  . . .     SeeInvis +       - Unarmed
rCold  . . .     Gourm    +     N - +0 troll leather armour
rNeg   . . .     Faith    .     (no shield)
rPois  .         Spirit   .     F - +1 hat
rElec  .         Dismiss  .     s - +0 cloak
rCorr  .         Reflect  .     (gloves unavailable)
SustAt .         Harm     .     (boots unavailable)
MR     .....                    (no amulet)
Stlth  ++........               U - ring of see invisible
                                h - +4 ring of protection

@: hasted, very quick, not resistant to hostile enchantments, unstealthy
A: unfitting armour, claws 3, fast metabolism 3, gourmand, regeneration 2,
shaggy fur 1, tough skin 2
a: Heroism, Finesse, Renounce Religion


You were in an ice cave.
You worshipped Okawaru.
Okawaru was extremely pleased with you.
You were full.

You visited 3 branches of the dungeon, and saw 16 of its levels.
You also visited: Ice Cave.

You collected 780 gold pieces.
You spent 272 gold pieces at shops.

Inventory:

Missiles
 c - 3 large rocks (quivered)
 d - 3 throwing nets
Armour
 s - a +0 cloak (worn)
 F - a +1 hat (worn)
 N - a +0 troll leather armour (worn)
 V - the +0 robe "Nagug" {+Blink rC+++ MP-9 Str-5}
   (Okawaru gifted it to you on level 2 of the Lair of Beasts)

   It affects your strength (-5).
   It renders you almost immune to cold.
   It affects your magic capacity (-9).
   It lets you blink.
Jewellery
 h - a +4 ring of protection (left claw)
 j - an uncursed ring of ice
 H - a +2 ring of intelligence
 U - a ring of see invisible (right claw)
Wands
 b - a wand of polymorph (16/24)
 l - a wand of confusion (16/48)
 o - a wand of heal wounds (4/9)
 A - a wand of teleportation (5/9)
 G - a wand of lightning (7/15)
 I - a wand of disintegration (1/24)
 L - a wand of iceblast (5/15)
 P - a wand of lightning (5/15)
 R - a wand of paralysis (18/24)
 T - a wand of confusion (27/48)
Scrolls
 r - 2 scrolls of remove curse
 v - 4 scrolls of amnesia
 y - 4 scrolls of teleportation
 B - a scroll of fear
 J - 2 scrolls of immolation
 K - a scroll of identify
 S - a scroll of enchant weapon
 Y - a scroll of fog
Potions
 a - 3 potions of mutation
 e - 2 potions of flight
 m - 4 potions of might
 n - 3 potions of resistance
 p - 3 potions of agility
 t - 4 potions of curing
 u - a potion of magic
 w - a potion of invisibility
 x - 2 potions of cancellation
 z - a potion of haste
 C - a potion of cure mutation {unknown}
 M - a potion of lignification
 O - 2 potions of ambrosia
 Q - a potion of brilliance {unknown}
Books
 D - a book of Cantrips

   Spells                             Type                      Level
   a - Corona                         Hexes                        1
   b - Animate Skeleton               Necromancy                   1
   c - Summon Small Mammal            Summoning                    1
   d - Apportation                    Translocation                1
 W - a book of Spatial Translocations

   Spells                             Type                      Level
   a - Apportation                    Translocation                1
   b - Blink                          Translocation                2
   c - Shroud of Golubria             Charms/Translocation         2
   d - Portal Projectile              Translocation                3
   e - Teleport Other                 Translocation                3
   f - Passage of Golubria            Translocation                4
 X - a book of Minor Magic

   Spells                             Type                      Level
   a - Magic Dart                     Conjuration                  1
   b - Blink                          Translocation                2
   c - Call Imp                       Summoning                    2
   d - Repel Missiles                 Charms/Air                   2
   e - Slow                           Hexes                        2
   f - Conjure Flame                  Conjuration/Fire             3
   g - Mephitic Cloud                 Conjuration/Poison/Air       3
Comestibles
 f - 13 bread rations
 g - 4 beef jerkies
 i - 8 fruits
 q - 4 meat rations
 E - 8 slices of pizza


   Skills:
 + Level 9.7 Fighting
 + Level 7.2 Throwing
 - Level 5.0 Dodging
 - Level 2.4 Stealth
 + Level 13.8 Unarmed Combat
 - Level 3.4 Invocations


You had 11 spell levels left.
You didn't know any spells.

Dungeon Overview and Level Annotations

Branches:
Dungeon (12/15)            Temple (1/1) D:5            Lair (3/8) D:9
  Swamp (0/4) Lair:3          Orc (0/2) D:11
  Snake: Lair:3-6    Spider: Lair:3-6

Altars:
Ashenzari
Cheibriados
Dithmenos
Elyvilon
Fedhas
Gozag
Kikubaaqudgha
Makhleb
Nemelex Xobeh
Okawaru
Pakellas
Qazlal
Ru
Sif Muna
Trog
Vehumet
Xom
Yredelemnul
Zin
The Shining One

Shops:
D:6 }   D:8 !:*=!


Innate Abilities, Weirdness & Mutations

You are too large for most types of armour.
You have claws for hands.
Your metabolism is lightning-fast.
You like to eat raw meat.
You heal very quickly.
You are covered in fur (AC +1).
You have very tough skin (AC +2).


Message History

The alligator simulacrum freezes you!!
* * * LOW HITPOINT WARNING * * *
The alligator simulacrum tail-slaps you but does no damage.
Evoke which item? (* to show all) (? for menu, Esc to quit)
Zapping:
o - a wand of heal wounds (5/9)
Press: ? - help, Shift-Dir - straight line, f - you You feel much better.
This wand has 4 charges left.
The wolf simulacrum misses you. The alligator simulacrum bites you.
The alligator simulacrum freezes you!
* * * LOW HITPOINT WARNING * * *
The alligator simulacrum tail-slaps you but does no damage.
The wolf simulacrum bites you but does no damage.
Drink which item? (? for menu, Esc to quit)
You feel yourself speed up.
The wolf simulacrum bites you but does no damage.
The alligator simulacrum closely misses you.
The alligator simulacrum tail-slaps you!
* * * LOW HITPOINT WARNING * * *
The alligator simulacrum freezes you!!
You die...

#### ##..##
##
##....##..##
#......Z...#
#.∩.∩.......
#..@Z...##..
##..Z.###
##..## ####


You could see a wolf simulacrum, an alligator simulacrum and a polar bear
simulacrum.

Vanquished Creatures
  2 hydras
  Erica (D:10)
  2 unseen horrors (D:11)
  4 hill giants (D:11)
  A wizard (D:9)
  2 black mambas
  Psyche (D:8)
  A spiny frog (Lair:2)
  3 komodo dragons
  2 trolls (D:10)
  Prince Ribbit (D:7)
  A two-headed ogre (D:11)
  Sigmund (D:5)
  2 wyverns
  15 yaks
  7 humans
  Grum (D:9)
  A hungry ghost (D:7)
  2 basilisks
  A steam dragon (D:9)
  7 hippogriffs
  The ghost of SkaryMonk the Sneak, an amateur OpAs (D:3)
  5 water moccasins
  A soldier ant (D:10)
  3 orc warriors
  6 porcupines
  2 eyes of draining (D:11)
  An ice beast (D:6)
  2 sky beasts
  2 necrophages
  A phantom (D:10)
  6 ogres
  2 wolves (D:9)
  3 crocodiles
  5 centaurs
  2 big kobolds
  14 giant frogs
  A gnoll sergeant (D:5)
  3 scorpions
  8 wights
  An electric eel (Lair:1)
  2 howler monkeys
  4 crimson imps
  A giant frog zombie (D:7)
  11 hounds
  4 quasits
  2 jellies
  6 orc priests
  2 giant frog skeletons
  Jessica (Lair:2)
  6 centaur skeletons
  6 iguanas
  7 orc wizards
  3 worker ants
  A killer bee zombie (D:5)
  A wolf simulacrum (IceCv)
  12 sheep
  A hound zombie (D:6)
  A hound skeleton (D:4)
  A worker ant zombie (D:7)
  5 adders
  13 gnolls
  14 river rats (Lair:1)
  2 shadow imps
  4 white imps (Lair:3)
  An adder skeleton (D:4)
  2 adder zombies
  2 worms (D:3)
  4 giant geckos
  34 orcs
  4 giant cockroaches
  2 goblins
  5 hobgoblins
  9 jackals
  17 kobolds
  2 quokkas
  4 bats
  A giant gecko skeleton (D:7)
  4 giant newts
  A quokka zombie (D:5)
  6 rats
335 creatures vanquished.

Notes
Turn   | Place    | Note
--------------------------------------------------------------
     0 | D:1      | Ijustatesigmund the Troll Hunter began the quest for the Orb.
     0 | D:1      | Reached XP level 1. HP: 19/19 MP: 0/0
    98 | D:1      | Reached skill level 1 in Unarmed Combat
   278 | D:1      | Reached XP level 2. HP: 28/28 MP: 1/1
   778 | D:2      | Found a basalt altar of Yredelemnul.
  1079 | D:2      | Found a bloodstained altar of Trog.
  1268 | D:2      | You fall through a shaft for 2 floors!
  1293 | D:4      | Reached XP level 3. HP: 24/35 MP: 2/2
  1295 | D:4      | Reached skill level 2 in Unarmed Combat
  1324 | D:4      | Reached XP level 4. HP: 29/44 MP: 3/3
  1325 | D:4      | Reached skill level 3 in Unarmed Combat
  1335 | D:4      | Reached XP level 5. HP: 19/52 MP: 4/4
  1493 | D:3      | Noticed SkaryMonk's ghost (amateur OpAs)
  1506 | D:3      | Killed SkaryMonk's ghost
  1506 | D:3      | Reached skill level 4 in Unarmed Combat
  1506 | D:3      | Reached XP level 6. HP: 51/61 MP: 5/5
  1550 | D:3      | Reached skill level 5 in Unarmed Combat
  2229 | D:4      | Found a deep blue altar of Sif Muna.
  2407 | D:4      | Reached skill level 6 in Unarmed Combat
  2407 | D:4      | Reached XP level 7. HP: 53/67 MP: 6/6
  2658 | D:5      | Entered Level 5 of the Dungeon
  2734 | D:5      | Reached skill level 7 in Unarmed Combat
  2786 | D:5      | Noticed Sigmund
  2796 | D:5      | Killed Sigmund
  2801 | D:5      | Found a staircase to the Ecumenical Temple.
  2808 | D:5      | Reached skill level 8 in Unarmed Combat
  2808 | D:5      | Reached XP level 8. HP: 60/79 MP: 7/7
  2832 | Temple   | Entered the Ecumenical Temple
  3490 | D:6      | Found Oroduohahi's Gadget Shop.
  3562 | D:6      | Reached skill level 9 in Unarmed Combat
  3673 | D:6      | Reached skill level 5 in Fighting
  3787 | D:6      | Reached skill level 10 in Unarmed Combat
  3801 | D:6      | Found a shimmering altar of Xom.
  3801 | D:6      | Found a shadowy altar of Dithmenos.
  3934 | D:6      | Reached XP level 9. HP: 80/88 MP: 8/8
  4284 | D:7      | Reached skill level 1 in Stealth
  4483 | D:7      | Noticed Prince Ribbit
  4775 | D:7      | Killed Prince Ribbit
  5108 | D:8      | Found Purait's Assorted Antiques.
  5115 | D:8      | Reached skill level 5 in Dodging
  5127 | D:8      | Bought a runed hat for 112 gold pieces
  5127 | D:8      | Bought a scroll of identify for 56 gold pieces
  5153 | D:8      | Found Zaumaj's Book Emporium.
  5328 | D:8      | Found Perelyu's Distillery.
  5336 | D:8      | Bought a potion of agility for 52 gold pieces
  5336 | D:8      | Bought a potion of might for 52 gold pieces
  5369 | D:8      | Noticed Psyche
  5378 | D:8      | Killed Psyche
  5494 | D:8      | Found Guakk's Distillery.
  5505 | D:8      | Reached XP level 10. HP: 98/98 MP: 9/9
  5875 | D:8      | Reached skill level 11 in Unarmed Combat
  6006 | D:8      | Found Impasemoq's Jewellery Boutique.
  6088 | D:9      | Noticed Grum
  6102 | D:9      | Killed Grum
  6231 | D:9      | Found a burning altar of Makhleb.
  6231 | D:9      | Found an oddly glowing altar of Pakellas.
  6231 | D:9      | Found an iron altar of Okawaru.
  6242 | D:9      | Became a worshipper of Warmaster Okawaru
  6415 | D:9      | Found a staircase to the Lair.
  6599 | D:9      | Noticed a wizard
  6613 | D:9      | Killed a wizard
  6613 | D:9      | Reached skill level 1 in Invocations
  6675 | D:9      | Reached * piety under Okawaru
  6735 | D:9      | Reached ** piety under Okawaru
  6739 | D:9      | Reached skill level 12 in Unarmed Combat
  7128 | D:10     | Entered Level 10 of the Dungeon
  7227 | D:10     | Reached XP level 11. HP: 96/110 MP: 8/12
  7534 | D:10     | Noticed Erica
  7546 | D:10     | Killed Erica
  7546 | D:10     | Reached *** piety under Okawaru
  7660 | D:10     | Found a bloodstained altar of Trog.
  7858 | D:11     | Noticed a hill giant
  7862 | D:11     | Killed a hill giant
  7873 | D:11     | Noticed a hill giant
  7882 | D:11     | Killed a hill giant
  7900 | D:11     | Noticed a hill giant
  8129 | D:11     | Killed an unseen horror
  8236 | D:11     | Reached **** piety under Okawaru
  8371 | D:11     | Killed a hill giant
  8489 | D:11     | Killed an unseen horror
  8489 | D:11     | Reached skill level 5 in Throwing
  8523 | D:11     | Noticed a hill giant
  8530 | D:11     | Killed a hill giant
  8530 | D:11     | Reached skill level 13 in Unarmed Combat
  8613 | D:11     | Received a gift from Okawaru
  8623 | D:11     | Found a staircase to the Orcish Mines.
  8979 | D:12     | Noticed a purple ugly thing
  9075 | Lair:1   | Entered Level 1 of the Lair of Beasts
  9107 | Lair:1   | Noticed a six-headed hydra
  9125 | D:9      | Noticed a five-headed hydra
  9132 | D:9      | Killed a seven-headed hydra
  9183 | Lair:1   | Killed an eight-headed hydra
  9183 | Lair:1   | Reached ***** piety under Okawaru
  9183 | Lair:1   | Reached XP level 12. HP: 111/123 MP: 13/13
 10144 | Lair:2   | Received a gift from Okawaru
 10360 | Lair:2   | Noticed Jessica
 10389 | Lair:2   | Received a gift from Okawaru
 10393 | Lair:2   | Got an ominously black robe {god gift}
 10413 | Lair:2   | Killed Jessica
 10907 | Lair:2   | Identified the +0 robe "Nagug" {+Blink rC+++ MP-9 Str-5} (Okawaru gifted it to you on level 2 of the Lair of Beasts)
 11040 | Lair:3   | Noticed a catoblepas
 11112 | Lair:3   | Found a frozen archway.
 11125 | IceCv    | Entered an ice cave
 11137 | IceCv    | Slain by an alligator simulacrum

Vault maps used:
D:1:      dpeg_arrival_prison, minivault_11, minmay_curled_crystal
D:2:      bloody_trog, old_standard_altar, first_bread
D:4:      overflow_temple_1_default
D:5:      temple_fountains, uniq_sigmund
D:6:      nicolae_overflow_hidden_temple, serial_shops, shop
D:7:      uniq_prince_ribbit1
D:8:      serial_shops, shop, nicolae_shop_behind_doors, shop, shop,
          nicolae_shop_statue_plus, grunt_livestock, uniq_psyche
D:9:      grunt_temple_overflow_open, lair_0_dummy, kennysheep_generic_room_3,
          uniq_grum
D:10:     basic_altar, feat_on_display, uniq_erica
D:11:     orc_0_dummy
D:12:     minmay_containers, uniq_maurice, uniq_nergalle, uniq_snorg
Temple:   circular_temple_12
Lair:1:   serial_bayou_shore_a
Lair:2:   erik_1, infiniplex_staircase_pool
Lair:3:   swamp_mist, portal_ice_cave_entry_imps, basic_altar,
          grunt_megastairs_2
IceCv:    ice_cave_small_necro

Skill      XL: |  1  2  3  4  5  6  7  8  9 10 11 12 |
---------------+-------------------------------------+-----
Unarmed Combat | 1 2 3 4 6 8 10 12 13 | 13.8
Fighting       | 2 3 4 5 7 9 |  9.7
Dodging        | 5 |  5.0
Stealth        | 2 |  2.4
Invocations    | 2 3 |  3.4
Throwing       | 5 7 |  7.2

Action                   |  1- 3 |  4- 6 |  7- 9 | 10-12 || total
-------------------------+-------+-------+-------+-------++-------
Melee: Unarmed           |   114 |   114 |   279 |   550 ||  1057
       Punch             |       |     2 |    12 |    40 ||    54
Throw: Large rock        |       |     2 |     5 |    16 ||    23
       Throwing net      |       |       |       |     3 ||     3
Invok: Heroism           |       |       |       |     6 ||     6
Evoke: Wand              |     2 |       |       |     6 ||     8
  Use: Scroll            |     8 |     5 |     7 |    14 ||    34
       Potion            |       |       |     1 |     4 ||     5
 Stab: Sleeping          |       |     1 |     3 |     4 ||     8
       Distracted        |       |       |       |     1 ||     1
       Held in net/web   |       |       |       |     1 ||     1
  Eat: Chunk             |    12 |    15 |    32 |    47 ||   106
       Fruit             |     1 |       |       |       ||     1
Armor: Robe              |    62 |    48 |   117 |   167 ||   394
       Troll leather arm |       |       |       |    33 ||    33
Dodge: Dodged            |    61 |    47 |   138 |   283 ||   529
